 Dungeon Crawl Stone Soup version 0.31.0-12-g77e489cdc1 (webtiles) character file.

Game seed: 4978665482007643859

23 spaghetti the Trooper (level 3, 0/29 HPs)
             Began as a Human Chaos Knight on Feb 18, 2024.
             Was a Plaything of Xom.
             Slain by a ribbon worm (1 damage)
             ... on level 2 of the Dungeon.
             The game lasted 00:00:42 (746 turns).

spaghetti the Trooper (Human Chaos Knight)           Turns: 746, Time: 00:00:44

Health: 0/29       AC:  5    Str: 12    XL:     3   Next: 0%
Magic:  3/3        EV: 11    Int: 12    God:    Xom [..*...]
Gold:   0          SH:  0    Dex: 14    Spells: 2/2 levels left

rFire   . . .        a - +0 short sword (chaos)
rCold   . . .        (no shield)
rNeg    . . .        b - +2 leather armour
rPois   .            (no helmet)
rElec   .            (no cloak)
rCorr   .            (no gloves)
SInv    .            (no boots)
Will    .....        (no amulet)
Stlth   ++           (no ring)
HPRegen 0.24/turn    (no ring)
MPRegen 0.08/turn

%: no passive effects
@: on berserk cooldown, slowed, very slow
A: explore regen
a: Renounce Religion


You were on level 2 of the Dungeon.
You worshipped Xom.
You were a toy of Xom.
You visited 1 branch of the dungeon, and saw 2 of its levels.

Inventory:

Hand Weapons
 a - a +0 short sword of chaos (weapon)
Armour
 b - a +2 leather armour (worn)
Jewellery
 d - a ring of flight
Scrolls
 c - a scroll of butterflies
 g - a scroll of immolation {unknown}
Potions
 e - 3 potions of might {unknown}
 f - a potion of haste {unknown}
 h - a potion of curing {unknown}


   Skills:
 - Level 3.1 Fighting
 - Level 3.0 Short Blades
 - Level 2.0 Armour
 - Level 1.0 Dodging
 + Level 2.6 Stealth


You had 2 spell levels left.
You didn't know any spells.
Your spell library contained the following spells:

 Spells                   Type           Power      Damage    Failure   Level
 Apportation              Tloc           0%         N/A       38%         1
 Necrotise                Necr           0%         1d4       38%         1
 Sting                    Conj/Alch      0%         1d3       38%         1
 Summon Small Mammal      Summ           0%         N/A       38%         1


Dungeon Overview and Level Annotations

Branches:
Dungeon (2/15)

Altars:


Innate Abilities, Weirdness & Mutations

You regain HP and MP as you explore.


Message History

You completely miss the ribbon worm.
The ribbon worm is lightly wounded.
The ribbon worm bites you.
You hit the ribbon worm but do no damage.
The ribbon worm suddenly seems more resistant.
Xom is amused.
The ribbon worm is lightly wounded.
The ribbon worm bites you but does no damage.
You hit the ribbon worm.
The ribbon worm seems to speed up.
The ribbon worm is moderately wounded.
The ribbon worm bites you.
You hit the ribbon worm.
Xom thinks this is hilarious!
Nothing appears to happen.
The ribbon worm is moderately wounded.
The ribbon worm barely misses you.
The ribbon worm expels a string of sticky webbing.
The stream of webbing hits you but does no damage.
You are caught in a web!
The web tears apart.
The ribbon worm barely misses you. The ribbon worm bites you.
You hit the ribbon worm.
The ribbon worm is moderately wounded.
The ribbon worm bites you.
You hit the ribbon worm.
The ribbon worm is moderately wounded.
The ribbon worm expels a string of sticky webbing.
The stream of webbing hits you but does no damage.
You are caught in a web!
The ribbon worm closely misses you.
You struggle to detach yourself from the web.
The ribbon worm bites you.
You struggle to detach yourself from the web.
The ribbon worm completely misses you. The ribbon worm bites you!
You struggle to detach yourself from the web.
The ribbon worm barely misses you. The ribbon worm bites you!
* * * LOW HITPOINT WARNING * * *
The web tears apart.
The ribbon worm bites you.
* * * LOW HITPOINT WARNING * * *
The ribbon worm bites you.
You die...

###########
#.....<...#
#.##...####
+...+ #$..#
#..@# #..w#
#....
#.....
#......
#..$....
#..:....#
####....#


You could see a ribbon worm (fast, resistant).

Vanquished Creatures
  A dart slug (D:1)
  2 ball pythons (D:1)
  2 endoplasms (D:1)
  A hobgoblin (D:2)
  4 jackals (D:1)
  2 quokkas (D:1)
  2 bats (D:1)
  2 frilled lizards (D:1)
  A kobold (D:1)
  3 rats (D:1)
20 creatures vanquished.

Notes
Turn   | Place    | Note
-------+----------+-------------------------------------------
     0 | D:1      | spaghetti the Human Chaos Knight began the quest for the
                  | Orb.
     0 | D:1      | Reached XP level 1. HP: 18/18 MP: 1/1
     3 | D:1      | Noticed an electric eel
     4 | D:1      | Noticed an electric eel
    95 | D:1      | Reached skill level 1 in Stealth
   102 | D:1      | Reached XP level 2. HP: 22/24 MP: 2/2
   719 | D:2      | XOM: potion effect (berserk rage)
   723 | D:2      | Reached XP level 3. HP: 29/29 MP: 3/3
   746 | D:2      | HP: 1/29 [ribbon worm (2)]
   746 | D:2      | Slain by a ribbon worm

Illustrated notes

Levels and vault maps discovered:
D:1:      arrival_aquarium_b, layout_loops_ring, serial_glass, glass_columns_a,
          glass_columns_b
D:2:      layout_basic, basic_altar, uniq_natasha, uniq_robin

Skill      XL: |  1  2 |
---------------+-------+-----
Stealth        | 1 2 |  2.6
Fighting       | |  3.1
Short Blades   | |  3.0
Armour         | |  2.0
Dodging        | |  1.0

Action                     || total
---------------------------++-------
  Melee: Short sword       ||    84
   Stab: Petrified         ||     1
         Sleeping          ||     1
 Armour: Leather armour    ||    59
  Dodge: Dodged            ||    51
